| TOP OF THE 1ST |
|
Vermont Lake Monsters batting - Pitching for Minnesota (NYP) Twins : RHP Glen Dutton
|
|
Pitching: RHP Glen Dutton
|
|
|
Batting: RHB Alberto Malagon
|
0-0: Called Strike 0-1: Called Strike 0-2: Ball 1-2: Strikes out looking
|
|
Batting: RHB Tetsuya Shinoda
|
0-0: Ball 1-0: Foul Ball, location: 2F 1-1: Fly out, F7 (Flyball, 7, EV 86.9 MPH)
|
|
Batting: RHB Ryan Jennings
|
0-0: Fly out, F8 (Flyball, 8LM, EV 83.8 MPH)
|
| Top of the 1st over - 0 runs, 0 hits, 0 errors, 0 left on base; Vermont 0 - Minnesota (NYP) 0 |
| BOTTOM OF THE 1ST |
|
Minnesota (NYP) Twins batting - Pitching for Vermont Lake Monsters : RHP Zach Monlux
|
|
Pitching: RHP Zach Monlux
|
|
|
Batting: RHB Fhil Mikrakin
|
0-0: Ball 1-0: Swinging Strike 1-1: Called Strike 1-2: Strikes out swinging
|
|
Batting: RHB Chris Bejarano
|
0-0: Called Strike 0-1: Ground out 5-3 (Groundball, 56, EV 102.5 MPH)
|
|
Batting: LHB Marvin Shepherd
|
0-0: Called Strike 0-1: Ball 1-1: Ball 2-1: Foul Ball, location: 2F 2-2: Ball 3-2: Fly out, F6 (Line Drive, 6M, EV 76.9 MPH)
|
| Bottom of the 1st over - 0 runs, 0 hits, 0 errors, 0 left on base; Vermont 0 - Minnesota (NYP) 0 |
| TOP OF THE 2ND |
|
Vermont Lake Monsters batting - Pitching for Minnesota (NYP) Twins : RHP Glen Dutton
|
|
Batting: LHB Felipe Gomez
|
0-0: Ball 1-0: SINGLE (Line Drive, 34D, EV 94.4 MPH)
|
|
Batting: RHB Amare Brown
|
0-0: Called Strike 0-1: Swinging Strike 0-2: Strikes out swinging
|
|
Batting: RHB Jon Coleman
|
0-0: Fly out, F4 (Line Drive, 4, EV 66.2 MPH) Lined into DP, 4-3 (Line Drive, 4, EV 70.6 MPH)
|
| Top of the 2nd over - 0 runs, 1 hit, 0 errors, 0 left on base; Vermont 0 - Minnesota (NYP) 0 |
| BOTTOM OF THE 2ND |
|
Minnesota (NYP) Twins batting - Pitching for Vermont Lake Monsters : RHP Zach Monlux
|
|
Batting: RHB Nate Matson
|
0-0: Ball 1-0: Called Strike 1-1: Ball 2-1: Ball 3-1: SINGLE (Groundball, 56S, EV 65.6 MPH) (infield hit)
|
|
Batting: RHB Steve Raine
|
0-0: Foul Ball, location: 2F 0-1: DOUBLE (Line Drive, 78D, EV 102.5 MPH) Nate Matson to third
|
|
Batting: LHB Ben Roth
|
0-0: Swinging Strike 0-1: Ball 1-1: Swinging Strike 1-2: SINGLE (Line Drive, 56, EV 109.4 MPH) Nate Matson scores Steve Raine to third
|
|
Batting: RHB Alexandre Garcia
|
0-0: Ball 1-0: DOUBLE (Line Drive, 9LD, EV 102.5 MPH) Steve Raine scores Ben Roth to third
|
|
Batting: RHB Fernando Bravo
|
0-0: Swinging Strike 0-1: Ball 1-1: Foul Ball, location: 2F 1-2: Strikes out swinging
|
|
Batting: LHB Jose Hilario
|
0-0: Ground out 6-3 (Groundball, 6, EV 87.5 MPH) Ben Roth scores
|
|
Batting: RHB Fhil Mikrakin
|
0-0: Ground out 3-1 (Groundball, 34, EV 103.8 MPH)
|
| Bottom of the 2nd over - 3 runs, 4 hits, 0 errors, 1 left on base; Vermont 0 - Minnesota (NYP) 3 |
| TOP OF THE 3RD |
|
Vermont Lake Monsters batting - Pitching for Minnesota (NYP) Twins : RHP Glen Dutton
|
|
Batting: SHB Steve Salafia
|
0-0: Ground out U3 (Groundball, 3L, EV 78.8 MPH)
|
|
Batting: RHB Rusty Prodoehl
|
0-0: Ball 1-0: Ground out U3 (Groundball, 3L, EV 94.4 MPH)
|
|
Batting: SHB Berthold Frey
|
0-0: Swinging Strike 0-1: Ball 1-1: Ball 2-1: Swinging Strike 2-2: Strikes out looking
|
| Top of the 3rd over - 0 runs, 0 hits, 0 errors, 0 left on base; Vermont 0 - Minnesota (NYP) 3 |
| BOTTOM OF THE 3RD |
|
Minnesota (NYP) Twins batting - Pitching for Vermont Lake Monsters : RHP Zach Monlux
|
|
Batting: RHB Chris Bejarano
|
0-0: Ball 1-0: Foul Ball, location: 2F 1-1: Called Strike 1-2: Ball 2-2: SINGLE (Groundball, 6D, EV 96.9 MPH)
|
|
Batting: LHB Marvin Shepherd
|
0-0: Called Strike Chris Bejarano is caught stealing 2nd base 2-6 0-1: Called Strike 0-2: Ball 1-2: Foul Ball, location: 2F 1-2: Strikes out swinging
|
|
Batting: RHB Nate Matson
|
0-0: Ground out 5-3 (Groundball, 56, EV 104.4 MPH)
|
| Bottom of the 3rd over - 0 runs, 1 hit, 0 errors, 0 left on base; Vermont 0 - Minnesota (NYP) 3 |
| TOP OF THE 4TH |
|
Vermont Lake Monsters batting - Pitching for Minnesota (NYP) Twins : RHP Glen Dutton
|
|
Batting: RHB Alberto Malagon
|
0-0: Ball 1-0: Ball 2-0: Called Strike 2-1: Foul Ball, location: 2F 2-2: Ball 3-2: SINGLE (Line Drive, 6MD, EV 95.0 MPH)
|
|
Batting: RHB Tetsuya Shinoda
|
0-0: Called Strike 0-1: Ball 1-1: DOUBLE (Line Drive, 78M, EV 98.8 MPH) Alberto Malagon to third
|
|
Batting: RHB Ryan Jennings
|
0-0: Foul Ball, location: 2F 0-1: Foul Ball, location: 2F 0-2: Fly out, F2 (Popup, 3SF, EV 88.8 MPH)
|
|
Batting: LHB Felipe Gomez
|
0-0: SINGLE (Groundball, P, EV 82.5 MPH) (infield hit) Alberto Malagon scores Tetsuya Shinoda to third
|
|
Batting: RHB Amare Brown
|
0-0: Ball 1-0: Called Strike Balk! Tetsuya Shinoda scores Felipe Gomez to second 1-1: Ball 2-1: Called Strike 2-2: Ball 3-2: Foul Ball, location: 2F 3-2: Base on Balls
|
|
Batting: RHB Jon Coleman
|
0-0: Called Strike 0-1: Ball 1-1: Grounds into double play, 4-6-3 (Groundball, 4, EV 86.9 MPH)
|
| Top of the 4th over - 2 runs, 3 hits, 0 errors, 1 left on base; Vermont 2 - Minnesota (NYP) 3 |
| BOTTOM OF THE 4TH |
|
Minnesota (NYP) Twins batting - Pitching for Vermont Lake Monsters : RHP Zach Monlux
|
|
Batting: RHB Steve Raine
|
0-0: Fly out, F9 (Flyball, 9, EV 90.6 MPH)
|
|
Batting: LHB Ben Roth
|
0-0: Ball 1-0: Ball 2-0: Fly out, F5 (Flyball, 5D, EV 88.8 MPH)
|
|
Batting: RHB Alexandre Garcia
|
0-0: Called Strike 0-1: Ground out 4-3 (Groundball, 4M, EV 105.6 MPH)
|
| Bottom of the 4th over - 0 runs, 0 hits, 0 errors, 0 left on base; Vermont 2 - Minnesota (NYP) 3 |
| TOP OF THE 5TH |
|
Vermont Lake Monsters batting - Pitching for Minnesota (NYP) Twins : RHP Glen Dutton
|
|
Batting: SHB Steve Salafia
|
0-0: Swinging Strike 0-1: Ball 1-1: Fly out, F8 (Flyball, 78S, EV 92.5 MPH)
|
|
Batting: RHB Rusty Prodoehl
|
0-0: Called Strike 0-1: Ball 1-1: Ground out 5-3 (Groundball, 56, EV 86.2 MPH)
|
|
Batting: SHB Berthold Frey
|
0-0: Called Strike 0-1: Foul Ball, location: 2F 0-2: Ball 1-2: Foul Ball, location: 2F 1-2: Strikes out swinging
|
| Top of the 5th over - 0 runs, 0 hits, 0 errors, 0 left on base; Vermont 2 - Minnesota (NYP) 3 |
| BOTTOM OF THE 5TH |
|
Minnesota (NYP) Twins batting - Pitching for Vermont Lake Monsters : RHP Zach Monlux
|
|
Batting: RHB Fernando Bravo
|
0-0: Swinging Strike 0-1: Ball 1-1: Called Strike 1-2: Strikes out swinging
|
|
Batting: LHB Jose Hilario
|
0-0: Ball 1-0: Ball 2-0: Called Strike 2-1: Foul Ball, location: 2F 2-2: DOUBLE (Line Drive, 8RD, EV 110.0 MPH)
|
|
Batting: RHB Fhil Mikrakin
|
0-0: Hit by Pitch
|
|
Batting: RHB Chris Bejarano
|
0-0: Fly out, F8 (Line Drive, 8LM, EV 85.0 MPH)
|
|
Batting: LHB Marvin Shepherd
|
0-0: Called Strike 0-1: SINGLE (Groundball, 5L, EV 85.6 MPH) (infield hit) Jose Hilario to third Fhil Mikrakin to second
|
|
Batting: RHB Nate Matson
|
0-0: Called Strike 0-1: Called Strike 0-2: Ball 1-2: Fielders Choice at 2nd, 6-4 (Groundball, 6, EV 82.5 MPH)
|
| Bottom of the 5th over - 0 runs, 2 hits, 0 errors, 3 left on base; Vermont 2 - Minnesota (NYP) 3 |
| TOP OF THE 6TH |
|
Vermont Lake Monsters batting - Pitching for Minnesota (NYP) Twins : RHP Glen Dutton
|
|
Pinch Hitting: SHB Matt Sybrant
|
0-0: Called Strike 0-1: Called Strike 0-2: Ball 1-2: Ground out 3-1 (Groundball, 3L, EV 103.1 MPH)
|
|
Batting: RHB Tetsuya Shinoda
|
0-0: Ball 1-0: Foul Ball, location: 2F 1-1: Called Strike 1-2: Ball 2-2: Strikes out swinging
|
|
Batting: RHB Ryan Jennings
|
0-0: Swinging Strike 0-1: Swinging Strike 0-2: Strikes out swinging
|
| Top of the 6th over - 0 runs, 0 hits, 0 errors, 0 left on base; Vermont 2 - Minnesota (NYP) 3 |
| BOTTOM OF THE 6TH |
|
Minnesota (NYP) Twins batting - Pitching for Vermont Lake Monsters : RHP Zach Monlux
|
|
Now at 3B: Scott Lister
|
|
|
Batting: RHB Steve Raine
|
0-0: Foul Ball, location: 2F 0-1: Ball 1-1: Foul Ball, location: 2F 1-2: Ball 2-2: Foul Ball, location: 2F 2-2: Ball 3-2: SINGLE (Flyball, 3D, EV 89.4 MPH)
|
|
Batting: LHB Ben Roth
|
0-0: Ball 1-0: Fielders Choice at 2nd, 4-6 (Groundball, 4, EV 86.2 MPH)
|
|
Batting: RHB Alexandre Garcia
|
0-0: Fielders Choice at 2nd, 5-4 (Groundball, 5, EV 86.2 MPH)
|
|
Batting: RHB Fernando Bravo
|
0-0: Foul Ball, location: 2F 0-1: Fly out, F8 (Flyball, 8RS, EV 87.5 MPH)
|
| Bottom of the 6th over - 0 runs, 1 hit, 0 errors, 1 left on base; Vermont 2 - Minnesota (NYP) 3 |
| TOP OF THE 7TH |
|
Vermont Lake Monsters batting - Pitching for Minnesota (NYP) Twins : RHP Glen Dutton
|
|
Batting: LHB Felipe Gomez
|
0-0: DOUBLE (Line Drive, 7LD, EV 108.1 MPH)
|
|
Batting: LHB Brian Puccio
|
0-0: Ball 1-0: Foul Ball, location: 2F 1-1: Ball 2-1: Ball 3-1: Base on Balls
|
|
Pitching: RHP Larry Muttart
|
|
|
Batting: RHB Jon Coleman
|
0-0: Foul Ball, location: 2F 0-1: Ball 1-1: Fielders Choice at 2nd, 6-4 (Groundball, 56, EV 103.1 MPH) Felipe Gomez to third
|
|
Batting: SHB Steve Salafia
|
0-0: Fly out, F8 (Flyball, 8LD, EV 106.2 MPH)
|
|
Batting: RHB Rusty Prodoehl
|
0-0: Ball 1-0: Foul Ball, location: 2F 1-1: Ball 2-1: Ground out 5-3 (Groundball, 56S, EV 81.2 MPH)
|
| Top of the 7th over - 0 runs, 1 hit, 0 errors, 2 left on base; Vermont 2 - Minnesota (NYP) 3 |
| BOTTOM OF THE 7TH |
|
Minnesota (NYP) Twins batting - Pitching for Vermont Lake Monsters : RHP Zach Monlux
|
|
Batting: LHB Jose Hilario
|
0-0: SINGLE (Groundball, 4MD, EV 101.2 MPH)
|
|
Batting: RHB Fhil Mikrakin
|
0-0: Sac Bunt to 25 - play at first, batter OUT! 5-3 Jose Hilario to second
|
|
Batting: RHB Chris Bejarano
|
0-0: Ball 1-0: Ball 2-0: Ball 3-0: Base on Balls
|
|
Batting: LHB Marvin Shepherd
|
0-0: Swinging Strike 0-1: Ball 1-1: SINGLE (Groundball, 6MS, EV 65.6 MPH) (infield hit) Jose Hilario to third Chris Bejarano to second
|
|
Batting: RHB Nate Matson
|
0-0: Grounds into double play, 5-2-3 (Groundball, 56S, EV 79.4 MPH)
|
| Bottom of the 7th over - 0 runs, 2 hits, 0 errors, 2 left on base; Vermont 2 - Minnesota (NYP) 3 |
| TOP OF THE 8TH |
|
Vermont Lake Monsters batting - Pitching for Minnesota (NYP) Twins : RHP Larry Muttart
|
|
Batting: SHB Berthold Frey
|
0-0: Ball 1-0: Foul Ball, location: 2F 1-1: Foul Ball, location: 2F 1-2: Ball 2-2: Strikes out swinging
|
|
Batting: RHB Scott Lister
|
0-0: Called Strike 0-1: Fly out, F9 (Flyball, 9S, EV 96.2 MPH)
|
|
Batting: RHB Tetsuya Shinoda
|
0-0: Ball 1-0: Ball 2-0: Called Strike 2-1: Foul Ball, location: 2F 2-2: Ball 3-2: Ground out 6-3 (Groundball, 6, EV 110.0 MPH)
|
| Top of the 8th over - 0 runs, 0 hits, 0 errors, 0 left on base; Vermont 2 - Minnesota (NYP) 3 |
| BOTTOM OF THE 8TH |
|
Minnesota (NYP) Twins batting - Pitching for Vermont Lake Monsters : RHP Zach Monlux
|
|
Batting: RHB Steve Raine
|
0-0: Ball 1-0: Fly out, F9 (Flyball, 9S, EV 91.2 MPH)
|
|
Batting: LHB Ben Roth
|
0-0: Ball 1-0: Ball 2-0: Ball 3-0: Base on Balls
|
|
Batting: RHB Alexandre Garcia
|
0-0: Ball 1-0: Ball Ben Roth steals 2nd, throwing error, E2 Ben Roth to third 2-0: Intentional Walk
|
|
Pitching: RHP Juan Lucero
|
|
|
Pinch Hitting: LHB Hector Olvera
|
0-0: Called Strike Alexandre Garcia steals 2nd base 0-1: Swinging Strike 0-2: Foul Ball, location: 2F 0-2: Foul Ball, location: 2F 0-2: Strikes out swinging
|
|
Batting: LHB Jose Hilario
|
0-0: Called Strike 0-1: Ball 1-1: Reached on error, E6 (Groundball, 6M, EV 84.4 MPH) Ben Roth scores Alexandre Garcia to third
|
|
Batting: RHB Fhil Mikrakin
|
0-0: Ball 1-0: Foul Ball, location: 2F 1-1: Ball 2-1: Foul Ball, location: 2F 2-2: Strikes out looking
|
| Bottom of the 8th over - 1 run, 0 hits, 2 errors, 2 left on base; Vermont 2 - Minnesota (NYP) 4 |
| TOP OF THE 9TH |
|
Vermont Lake Monsters batting - Pitching for Minnesota (NYP) Twins : RHP Larry Muttart
|
|
Now at 2B: Juan Aguilar
|
|
|
Batting: RHB Ryan Jennings
|
0-0: Called Strike 0-1: Ball 1-1: Swinging Strike 1-2: Ball 2-2: Ground out 6-3 (Groundball, 6MD, EV 99.4 MPH)
|
|
Batting: LHB Felipe Gomez
|
0-0: Called Strike 0-1: Ball 1-1: Ball 2-1: Foul Ball, location: 2F 2-2: Ball 3-2: Base on Balls
|
|
Batting: LHB Brian Puccio
|
0-0: Foul Ball, location: 2F 0-1: Foul Ball, location: 2F 0-2: Ball 1-2: Fly out, F7 (Flyball, 7, EV 93.8 MPH)
|
|
Batting: RHB Jon Coleman
|
0-0: Ball 1-0: Called Strike 1-1: Ball 2-1: Foul Ball, location: 2F 2-2: Foul Ball, location: 2F 2-2: Foul Ball, location: 2F 2-2: Strikes out swinging
|
| Top of the 9th over - 0 runs, 0 hits, 0 errors, 1 left on base; Vermont 2 - Minnesota (NYP) 4 |
|